 Dungeon Crawl Stone Soup version 0.30-a0-637-gacddeb6d44 (webtiles) character file.

Game seed: 5569318755611552163

8 Leeroy the Grasshopper (level 2, 24/24 HPs)
             Began as a Draconian Warper on Jan 15, 2023.
             Got out of the dungeon alive.
             The game lasted 00:00:55 (210 turns).

Leeroy the Grasshopper (Draconian Warper)            Turns: 210, Time: 00:00:56

Health: 24/24      AC:  4    Str: 13    XL:     2   Next: 0%
Magic:  5/5        EV: 12    Int: 13    God:
Gold:   0          SH:  0    Dex: 10    Spells: 5/5 levels left

rFire   . . .      SeeInvis .    a - +0 falchion
rCold   . . .      Faith    .    (no shield)
rNeg    . . .      Spirit   .    (body armour unavailable)
rPois   .          Reflect  .    (helmet restricted)
rElec   .          Harm     .    (no cloak)
rCorr   .          Rampage  .    (no gloves)
Will    .....                    (no boots)
Stlth   +                        (no amulet)
HPRegen 0.24/turn                (no ring)
MPRegen 0.09/turn                (no ring)

@: no status effects
A: AC +4, unfitting armour, cold-blooded
a: no special abilities


You escaped.
You visited 1 branch of the dungeon, and saw 1 of its levels.

Inventory:

Hand Weapons
 a - a +0 falchion (weapon)
Missiles
 c - 7 boomerangs of dispersal (quivered)
Scrolls
 b - a scroll of blinking
 d - a scroll of poison {unknown}
 e - a scroll of identify {unknown}


   Skills:
 - Level 2.1 Fighting
 + Level 2.7 Long Blades
 - Level 0.8 Throwing
 - Level 2.1 Dodging
 - Level 2.0 Spellcasting
 - Level 3.0 Translocations


You had 5 spell levels left.
You didn't know any spells.
Your spell library contained the following spells:

 Spells                   Type           Power      Damage    Failure   Level
 Blink                    Tloc           18%        N/A       11%         2
 Lesser Beckoning         Tloc           18%        N/A       22%         3
 Teleport Other           Tloc           9%         N/A       22%         3
 Vhi's Electric Charge    Tloc/Air       10%        N/A       38%         3
 Manifold Assault         Tloc           9%         N/A       58%         4


Dungeon Overview and Level Annotations

Branches:
Dungeon (1/15)

Altars:


Innate Abilities, Weirdness & Mutations

Your plain brown scales are hard. (AC +4)
You cannot fit into any form of body armour.
You are cold-blooded and may be slowed by cold attacks.


Message History

A bat is nearby!
The bat closely misses you.
You hit the bat.
You kill the bat!
No target in view!
No target in view!
No target in view!
No target in view!
No target in view!
A goblin comes into view. It is wielding a +0 dagger.
The goblin shouts!
A goblin is nearby!
A goblin is nearby!
The goblin hits you but does no damage.
A kobold comes into view. It is wielding a +0 dagger.
The kobold shouts!
You slash the goblin!
You kill the goblin!
You hear a shout! x2
You have reached level 2!
Unknown command.
Char dumped successfully.
A kobold is nearby!
A kobold is nearby!
A kobold is nearby!
A kobold is nearby!
You open the door.
A kobold is nearby!
You can't go up here!
A kobold is nearby!
There is an open door here.
You slash the plant!
The plant begins to die.
The plant is lightly damaged.
You see here a +0 spear.
A nearby plant withers and dies.
There is a staircase leading out of the dungeon here.
You can't go up here!
There is a staircase leading out of the dungeon here.
Are you sure you want to leave the Dungeon?
This will make you lose the game!
You have escaped!

#########..### #K...#####
#...##≈~~## #..##≈~P~≈##
#.##~~≈.~~~## #.#≈~P.8.P≈≈#
#.#≈~.....~~#########.#
#.8~.......~8#.......>.
########.'..8.@.8P.'..########
#........8K)......~8..#
#.########≈~.....≈≈##.#########
#.# #≈~P.8.P≈≈#........... #.#
###~≈~.~~≈############# #.#
#.##≈~P~≈##.#....# #.#
##..##≈≈~##..#.##.######
#.######....#####...#.##.......
#.#..........# ###.†.#########


You could see a kobold.

Vanquished Creatures
  A dart slug (D:1)
  2 bats (D:1)
  A goblin (D:1)
  A quokka (D:1)
5 creatures vanquished.

Vanquished Creatures (others)
  A plant (D:1)
1 creature vanquished.

Grand Total: 6 creatures vanquished

Notes
Turn   | Place    | Note
-------+----------+-------------------------------------------
     0 | D:1      | Leeroy the Draconian Warper began the quest for the Orb.
     0 | D:1      | Reached XP level 1. HP: 17/17 MP: 3/3
   178 | D:1      | Reached XP level 2. HP: 24/24 MP: 5/5
   210 | D:$      | Got out of the dungeon alive.

Illustrated notes

Levels and vault maps discovered:
D:1:      lightli_arrival_statuegarden, layout_basic

Action                   || total
-------------------------++-------
Melee: Falchion          ||    13
       Tailslap          ||     2
Armor: Skin              ||     6
Dodge: Dodged            ||     9

Table legend: (Time is in decaauts)
 A = Elapsed time spent in this place.
 B = Non-inter-level travel time spent in this place.
 C = Inter-level travel time spent in this place.
 D = Time resting spent in this place.
 E = Time spent auto-exploring this place.
 F = Levels seen in this place.
 G = Mean time per level.
                   A        B        C        D        E       F      G
               +--------+--------+--------+--------+--------+-----+--------+
         Total |    212 |    210 |      2 |      0 |    149 |   1 |  212.0 |
       Dungeon |    212 |    210 |      2 |      0 |    149 |   1 |  212.0 |
               +--------+--------+--------+--------+--------+-----+--------+

Top non-repeatable levels by time:
     D:1: 212 daAuts
